 Dungeon Crawl Stone Soup version 0.30-b1-2-g02819fbbbe (webtiles) character file.

Game seed: 9159000317844643558

5106 ketsa the Cleaver (level 10, -8/86 HPs)
             Began as a Minotaur Fighter on Oct 21, 2023.
             Was a Priest of Elyvilon.
             Mangled by a two-headed ogre
             ... wielding a +0 giant club
              (19 damage)
             ... on level 9 of the Dungeon on Nov 3, 2023.
             The game lasted 00:46:42 (8999 turns).

ketsa the Cleaver (Minotaur Fighter)                Turns: 8999, Time: 00:46:43

Health: -8/86      AC: 10    Str: 29      XL:     10   Next: 32%
Magic:  13/13      EV: 11    Int:  5      God:    Elyvilon [***...]
Gold:   229        SH:  5    Dex: 12 (13) Spells: 9/9 levels left

rFire   + + .        a - +0 war axe
rCold   + . .        c - +0 buckler
rNeg    . . .        x - +2 leather armour of Uleexifa {rElec rF+ rC+ Dex+4}
rPois   +            (helmet restricted)
rElec   +            (no cloak)
rCorr   .            Q - +0 pair of gloves
SInv    +            f - +2 pair of boots "Qomeuj" {rPois Stlth+}
Will    ++...        (no amulet)
Stlth   ++           t - ring of see invisible
HPRegen 0.34/turn    F - ring of Crawling {rElec rPois rF+ Will++ Str+3}
MPRegen 0.13/turn

%: no passive effects
@: mighty
A: horns 2, retaliatory headbutt
a: Renounce Religion, Purification, Heal Other, Heal Self


You were on level 9 of the Dungeon.
You worshipped Elyvilon.
Elyvilon was most pleased with you.
You visited 2 branches of the dungeon, and saw 10 of its levels.

You collected 492 gold pieces.
You spent 263 gold pieces at shops.

Inventory:

Hand Weapons
 a - a +0 war axe (weapon)
 d - a +0 executioner's axe
 N - a +0 battleaxe
Missiles
 h - 7 boomerangs
 l - 45 stones
 u - 11 poisoned darts (quivered)
 S - a curare-tipped dart
Armour
 b - a +0 scale mail
 c - a +0 buckler (worn)
 e - a +0 ring mail
 f - the +2 pair of boots "Qomeuj" (worn) {rPois Stlth+}
   (You found it on level 2 of the Dungeon)

   rPois:     It protects you from poison.
   Stlth:     It makes you more stealthy.
 g - a +0 scale mail
 m - a +0 plate armour
 q - a +0 scale mail
 x - the +2 leather armour of Uleexifa (worn) {rElec rF+ rC+ Dex+4}
   (You found it on level 3 of the Dungeon)

   Dex:       It affects your dexterity (+4).
   rF:        It protects you from fire.
   rC:        It protects you from cold.
   rElec:     It insulates you from electricity.
 D - a +0 chain mail
 O - a +2 leather armour of fire resistance
 Q - a +0 pair of gloves (worn)
Jewellery
 j - a +6 ring of intelligence
 t - a ring of see invisible (left hand)
 A - a ring of fire
 F - the ring of Crawling (right hand) {rElec rPois rF+ Will++ Str+3}
   (You took it off an orc wizard on level 5 of the Dungeon)

   [ring of poison resistance]

   Str:       It affects your strength (+3).
   rF:        It protects you from fire.
   rElec:     It insulates you from electricity.
   rPois:     It protects you from poison.
   Will:      It greatly increases your willpower.
 G - a ring of resist corrosion
 I - a ring of protection from fire
Wands
 K - a wand of iceblast (17)
 R - a wand of polymorph (12)
 V - a wand of light (2)
Scrolls
 i - a scroll of brand weapon
 p - a scroll of noise
 r - a scroll of immolation {unknown}
 s - a scroll of silence {unknown}
 v - 3 scrolls of teleportation
 y - 2 scrolls of enchant weapon
 B - a scroll of blinking {unknown}
 C - 3 scrolls of enchant armour
 L - a scroll of fog
 M - 2 scrolls of magic mapping
 P - 3 scrolls of identify
 U - a scroll of vulnerability {unknown}
Potions
 k - a potion of brilliance
 n - 5 potions of curing
 o - 3 potions of attraction
 w - 2 potions of mutation
 z - 3 potions of lignification
 H - a potion of flight
 J - 2 potions of resistance


   Skills:
 - Level 7.0 Fighting
 * Level 13.7 Axes
 + Level 7.6 Armour
 - Level 5.0 Shields
 - Level 6.1 Invocations


You had 9 spell levels left.
You didn't know any spells.
Your spell library contained the following spells:

 Spells                   Type           Power      Damage    Failure   Level
 Magic Dart               Conj           0%         1d3       56%         1
 Necrotise                Necr           0%         1d4       56%         1
 Searing Ray              Conj           0%         2d4       71%         2
 Call Canine Familiar     Summ           0%         N/A       90%         3
 Portal Projectile        Hex/Tloc       0%         N/A       90%         3
 Tukima's Dance           Hex            0%         N/A       90%         3
 Vampiric Draining        Necr           0%         2d6       90%         3
 Fulminant Prism          Conj/Hex       0%         3d5       100%        4
 Leda's Liquefaction      Hex/Erth       0%         N/A       100%        4
 Passage of Golubria      Tloc           0%         N/A       100%        4
 Agony                    Necr           0%         N/A       100%        5
 Yara's Violent Unravell  Hex/Tmut       0%         3d3       100%        5


Dungeon Overview and Level Annotations

Branches:
Dungeon (9/15) Zot: 26026  Temple (1/1) D:4 Zot: 5623
   Lair: D:8-11         Orc: D:9-12

Altars:
Ashenzari
Cheibriados
Dithmenos
Elyvilon
Fedhas
Gozag
Hepliaklqana
Kikubaaqudgha
Makhleb
Nemelex Xobeh
Okawaru
Qazlal
Ru
Sif Muna
Trog
Uskayaw
Vehumet
Wu Jian
Xom
Yredelemnul
Zin
The Shining One

Shops:
D:6 ?*

Annotations:
D:4 3 runed translucent doors, NimIero's ghost, amateur OpVM
D:5 4 runed translucent doors
D:6 Maggie; Menkaure


Innate Abilities, Weirdness & Mutations

You have a pair of horns on your head.
You reflexively headbutt those who attack you in melee.


Message History

The two-headed ogre hits you with a +0 giant club!
* * * LOW HITPOINT WARNING * * *
The two-headed ogre closely misses you. The smoke demon hits you.
* * * LOW HITPOINT WARNING * * *
The smoke demon hits you but does no damage.
You block the smoke demon's attack.
The kobold demonologist hits you but does no damage.
The soul eater hits you!! Elyvilon protects you from harm!
You feel drained.
* * * LOW HITPOINT WARNING * * *
You slash the kobold demonologist!
You kill the kobold demonologist!
The smoke demon disappears in a puff of smoke!
The soul eater disappears in a puff of smoke!
You completely miss the two-headed ogre.
You block the boulder beetle's attack.
The boulder beetle stops rolling and uncurls.
The two-headed ogre hits you with a +0 giant club!!
Elyvilon protects you from harm!
The two-headed ogre hits you with a +0 giant club!
* * * LOW HITPOINT WARNING * * *
Your life force feels restored.
Okay, then.
You feel much better. You block the boulder beetle's attack.
Really quaff the potion of lignification?
Okay, then.
Unknown command.
Okay, then.
Aiming: Iceblast
Press: ? - help, Shift-Dir - straight line
Okay, then.
You slice the two-headed ogre!!
The two-headed ogre is almost dead.
You slash the boulder beetle! You block the two-headed ogre's attack.
The two-headed ogre misses you. The boulder beetle bites you!!
* * * LOW HITPOINT WARNING * * *
You feel better. You block the boulder beetle's attack.
The two-headed ogre hits you with a +0 giant club!!
You die...

....#......# #..# #
....#......#.>..
#..#########
....#......#....
#...........
....#......##...
#...........
....#.......#...
#...........
#####.......#...
#####...........
............#...
#........#####..
............###ยง##........#
#..
...............)@.........#
#..
................OB....###.#
#.#
....................###.#.#
#.#
...........)))......#...#.#
#.#
########....))......#...#.#
#.# .. #..######....#...#.#
#.# .##..# #....#...#.# #.#
#.#..# #....#...#.# #.#
#.#..# #....#...#.#####.#


You could see a boulder beetle and a two-headed ogre.

Vanquished Creatures
  A two-headed ogre (D:9)
  A kobold demonologist (D:9)
  A hornet (D:4)
  A wyvern (D:8)
  A steam dragon (D:8)
  An acid dragon (D:8)
  A water moccasin (D:7)
  3 orc warriors
  2 ice beasts
  A black bear (D:7)
  2 ogres
  2 phantoms
  A kobold brigand (D:8)
  3 bullfrogs (D:8)
  8 scorpions
  10 killer bees
  3 howler monkeys
  4 hounds
  4 orc priests
  A gnoll bouda (D:7)
  3 jellies
  A sleepcap (D:6)
  5 iguanas
  11 orc wizards
  5 gnolls (D:7)
  8 adders
  4 shadow imps
  4 white imps
  2 worms
  4 dart slugs
  29 orcs
  6 endoplasms
  3 giant cockroaches
  7 goblins
  2 hobgoblins
  3 jackals (D:4)
  4 quokkas
  A ball python (D:4)
  3 bats
  2 frilled lizards (D:1)
  11 kobolds
  A rat (D:3)
170 creatures vanquished.

Vanquished Creatures (others)
  A yak (D:5)
1 creature vanquished.

Grand Total: 171 creatures vanquished

Notes
Turn   | Place    | Note
-------+----------+-------------------------------------------
     0 | D:1      | ketsa the Minotaur Fighter began the quest for the Orb.
     0 | D:1      | Reached XP level 1. HP: 19/19 MP: 0/0
   419 | D:1      | Reached skill level 3 in Axes
   426 | D:1      | Reached XP level 2. HP: 22/26 MP: 1/1
  1012 | D:2      | Identified the +2 pair of boots "Qomeuj" {rPois Stlth+}
  1321 | D:2      | Reached skill level 4 in Axes
  1321 | D:2      | Reached XP level 3. HP: 31/31 MP: 2/2
  1998 | D:3      | Reached XP level 4. HP: 39/39 MP: 3/3
  2096 | D:3      | Found a bloodstained altar of Trog.
  2177 | D:3      | Identified the +2 leather armour of Uleexifa {rElec rF+ rC+
                  | Dex+4}
  2220 | D:3      | Found a faded altar of an unknown god.
  2476 | D:4      | Noticed a scorpion
  2482 | D:3      | Killed a scorpion
  2483 | D:3      | Reached skill level 5 in Axes
  2504 | D:4      | Reached skill level 5 in Shields
  2504 | D:4      | Reached XP level 5. HP: 37/45 MP: 4/4
  2604 | D:4      | Found a runed translucent gate.
  2616 | D:4      | Reached skill level 6 in Axes
  2652 | D:4      | Noticed an orc warrior
  2662 | D:4      | Noticed an ogre
  2733 | D:4      | Found a hide-covered altar of Uskayaw.
  2739 | D:4      | Reached XP level 6. HP: 43/52 MP: 5/5
  2783 | D:4      | Found a staircase to the Ecumenical Temple.
  2787 | D:4      | Noticed a hornet
  2794 | D:4      | Killed a hornet
  2795 | D:4      | Reached skill level 5 in Fighting
  2795 | D:4      | Reached skill level 7 in Axes
  2940 | D:4      | Found a runed translucent gate.
  2940 | D:4      | Found a runed translucent gate.
  2941 | D:4      | Noticed NimIero's ghost (amateur OpVM)
  2978 | D:4      | Reached XP level 7. HP: 58/61 MP: 6/6
  3049 | D:3      | Reached skill level 8 in Axes
  3660 | Temple   | Entered the Ecumenical Temple
  3869 | Temple   | Became a worshipper of Elyvilon the Healer
  4112 | D:5      | Entered Level 5 of the Dungeon
  4153 | D:5      | Found a large runed translucent door.
  4157 | D:5      | Found a large runed translucent door.
  4159 | D:5      | Noticed a wraith
  4159 | D:5      | Noticed a yak
  4329 | D:5      | Reached skill level 9 in Axes
  4329 | D:5      | Reached skill level 1 in Invocations
  4454 | D:5      | Reached * piety under Elyvilon
  4501 | D:5      | Reached XP level 8. HP: 71/71 MP: 8/8
  4574 | D:5      | Found a large runed translucent door.
  4574 | D:5      | Found a large runed translucent door.
  4599 | D:5      | Noticed a troll
  4747 | D:5      | Reached skill level 10 in Axes
  4785 | D:5      | Identified the ring of Crawling {rElec rPois rF+ Will++
                  | Str+3}
  5346 | D:6      | Found Pixkaeco's Magic Scroll Boutique.
  5358 | D:6      | Noticed Menkaure
  5633 | D:6      | Found Teats's General Store.
  5642 | D:6      | Bought a scroll of identify for 26 gold pieces
  5642 | D:6      | Bought a scroll of magic mapping for 97 gold pieces
  5725 | D:6      | Noticed Maggie
  5834 | D:6      | Bought a scroll of fog for 56 gold pieces
  5834 | D:6      | Bought 3 scrolls of identify for 84 gold pieces
  6181 | D:6      | Reached ** piety under Elyvilon
  6194 | D:6      | Found a sacrificial altar of Ru.
  6493 | D:7      | Reached skill level 11 in Axes
  6502 | D:7      | Reached XP level 9. HP: 35/79 MP: 10/10
  6750 | D:7      | Reached skill level 5 in Armour
  7389 | D:8      | Reached skill level 12 in Axes
  7462 | D:8      | Reached skill level 5 in Invocations
  8054 | D:9      | Reached *** piety under Elyvilon
  8072 | D:9      | Reached skill level 13 in Axes
  8072 | D:9      | Reached XP level 10. HP: 18/86 MP: 13/13
  8776 | D:9      | Noticed a two-headed ogre
  8788 | D:9      | Killed a two-headed ogre
  8977 | D:9      | Identified the amulet "Myuxzu" {Spirit Rampage Int+3}
  8981 | D:9      | Noticed a two-headed ogre
  8987 | D:9      | Noticed a boulder beetle
  8988 | D:9      | Noticed a smoke demon
  8995 | D:9      | Noticed a soul eater
  8995 | D:9      | Elyvilon protects you from harm!
  8996 | D:9      | Elyvilon protects you from harm!
  8999 | D:9      | Mangled by a two-headed ogre

Illustrated notes

Levels and vault maps discovered:
D:1:      lemuel_arrival_broad_hall, layout_loops_corners
D:2:      layout_basic
D:3:      layout_basic, trog_three_pillars_becter,
          shapermc_ecumenical_altar_mp_vishouse, minivault_4
D:4:      layout_basic, eat_drink_and_be_merry_uskayaw,
          minmay_temple_entry_statues_pillars, ebering_ghost_rock_garden
D:5:      layout_cave_pools, kennysheep_doodads, minmay_hollow_rounded_squares
D:6:      layout_loops_ring, marbit_many_paths, serial_shops, shop,
          nicolae_diamond_shop, kennysheep_generic_room_11, uniq_menkaure,
          uniq_maggie
D:7:      layout_rooms
D:8:      layout_basic
D:9:      minmay_the_grid_3x3 [minmay_the_grid_minigrid_medium,
          minmay_the_grid_tri_star, minmay_the_grid_odd_star,
          minmay_the_grid_rooms, minmay_the_grid_minigrid_small_alt,
          minmay_the_grid_armoury, minmay_the_grid_tree,
          minmay_the_grid_pillar_ring, minmay_the_grid_prize_inner_circle],
          layout_irregular_city
Temple:   compressed_dpeg_triangle_lava_temple

Skill      XL: |  1  2  3  4  5  6  7  8  9 10 |
---------------+-------------------------------+-----
Axes           | 3 4 5 6 7 9 11 13 | 13.7
Shields        | 4 5 |  5.0
Fighting       | 4 5 6 7 |  7.0
Invocations    | 1 3 5 6 |  6.1
Armour         | 4 6 7 |  7.6

Action                     |  1- 3 |  4- 6 |  7- 9 | 10-12 || total
---------------------------+-------+-------+-------+-------++-------
  Melee: War axe           |    59 |    49 |   282 |    39 ||   429
         Headbutt          |     9 |     6 |    43 |     8 ||    66
  Throw: Stone             |    10 |     8 |       |       ||    18
         Dart              |       |     4 |     2 |     4 ||    10
         Boomerang         |       |       |    20 |     1 ||    21
 Invoke: Heal Other        |       |       |     2 |     1 ||     3
    Use: Scroll            |     5 |     1 |     8 |     2 ||    16
         Potion            |       |       |     4 |     3 ||     7
   Stab: Sleeping          |       |       |     4 |       ||     4
         Distracted        |       |       |     1 |       ||     1
 Armour: Scale mail        |    30 |       |       |       ||    30
         Leather armour    |       |    14 |   111 |    19 ||   144
  Dodge: Dodged            |    32 |    23 |   122 |    20 ||   197
  Block: Buckler           |    10 |    12 |    67 |    12 ||   101
